 Dungeon Crawl Stone Soup version 0.18-a0-1027-g814d7dd (webtiles) character file.

495 Trivium the Covered (level 6, -2/49 HPs)
             Began as a Demonspawn Fighter on Jan 7, 2016.
             Killed by divine providence
             ... invoked by an orc priest
              (14 damage)
             ... on level 4 of the Dungeon.
             The game lasted 00:03:47 (2457 turns).

Trivium the Covered (Demonspawn Fighter)            Turns: 2457, Time: 00:03:47

Health: -2/49      AC: 11    Str: 18    XL:     6   Next: 92%
Magic:  6/6        EV:  5    Int: 10    God:
Gold:   169        SH:  9    Dex: 12    Spells: 0 memorised, 5 levels left

rFire  . . .     SeeInvis .     a - +0 war axe
rCold  . . .     Gourm    .     p - +0 chain mail
rNeg   . . .     Faith    .     c - +0 shield
rPois  .         Spirit   .     i - +0 helmet
rElec  .         Dismiss  .     (no cloak)
rCorr  .         Reflect  .     (no gloves)
SustAt .         Harm     .     (no boots)
MR     .....                    (no amulet)
Stlth  ..........               (no ring)
                                (no ring)

@: not resistant to hostile enchantments, extremely unstealthy
A: icy blue scales 1, powered by death 1
a: no special abilities


You were on level 4 of the Dungeon.
You were not hungry.

You visited 1 branch of the dungeon, and saw 4 of its levels.

You collected 169 gold pieces.

Inventory:

Hand Weapons
 a - a +0 war axe (weapon)
Armour
 b - a +0 scale mail
 c - a +0 shield (worn)
 i - a +0 helmet (worn)
 p - a +0 chain mail (worn)
Wands
 n - a wand of random effects (13/48)
 t - a wand of digging (11/24)
Scrolls
 g - 2 scrolls of enchant weapon {unknown}
 h - a scroll of fog {unknown}
 j - a scroll of random uselessness {unknown}
 k - a scroll of identify
 l - a scroll of blinking {unknown}
 q - 3 scrolls of recharging {unknown}
 r - a scroll of noise {unknown}
Potions
 d - a potion of might
 e - 5 potions of curing
 o - a potion of haste
 u - a potion of flight {unknown}
Comestibles
 f - 2 bread rations
 m - a meat ration
 s - 5 fruits
 v - 2 chunks of flesh


   Skills:
 + Level 4.4 Fighting
 + Level 3.3 Axes
 + Level 4.4 Armour
 + Level 1.5 Dodging
 + Level 0.6 Stealth
 + Level 4.0 Shields
 + Level 0.4 Evocations


You had 5 spell levels left.
You didn't know any spells.

Dungeon Overview and Level Annotations

Branches:
Dungeon (4/15)
 Temple: D:4-7

Altars:
Gozag
Nemelex Xobeh
Xom

Annotations:
D:4 Trivium's ghost, amateur DsFi


Innate Abilities, Weirdness & Mutations

You are partially covered in icy blue scales (AC +1).
You regenerate a little health from kills.


Message History

The orc priest invokes the aid of Beogh against you.
Pain shoots through your body!
* * * LOW HITPOINT WARNING * * *
You are too injured to fight recklessly!
You are too injured to fight recklessly!
You are too injured to fight recklessly!
You are too injured to fight recklessly!
You closely miss the orc priest.
The orc priest is moderately wounded.
The orc priest looks braver for a moment.
The orc priest hits you but does no damage.
You closely miss the orc priest.
The orc priest is moderately wounded.
The orc priest casts a cantrip, but nothing happens.
You hit the orc priest.
The orc priest is moderately wounded.
You feel less regenerative.
The orc priest invokes the aid of Beogh against you.
Something smites you!
You die...

#############
............##
.#...........##
...##...##....#
..####.####...#
.##..#'#..##..##########
.##.......##....).......
..##.._..##..###o#####.
#..##...##..## #@#
##..##.##...# #.#
##..###..#. #.#
##.....##. ..#
#.###..... ... #.#
#.#### #### #.# #.#
####.# #.# .....# #|#


You could see an orc priest.

Vanquished Creatures
  Grinder (D:3)
  Edmund (D:4)
  An ogre (D:4)
  2 orc wizards (D:4)
  2 adders (D:2)
  2 worms
  6 orcs
  A ball python (D:3)
  4 giant cockroaches
  4 goblins
  3 hobgoblins
  4 jackals (D:3)
  6 bats
  2 giant newts
  2 kobolds (D:2)
  5 rats
46 creatures vanquished.

Notes
Turn   | Place    | Note
--------------------------------------------------------------
     0 | D:1      | Trivium the Demonspawn Fighter began the quest for the Orb.
     0 | D:1      | Reached XP level 1. HP: 18/18 MP: 1/1
   559 | D:2      | Gained mutation: You regenerate a little health from kills. [demonic ancestry]
   559 | D:2      | Reached XP level 2. HP: 10/24 MP: 2/2
   723 | D:2      | Found a shimmering altar of Xom.
  1014 | D:2      | Reached XP level 3. HP: 19/29 MP: 3/3
  1848 | D:3      | Found an opulent altar of Gozag.
  1893 | D:3      | Noticed Grinder
  1897 | D:3      | Paralysed by Grinder for 5 turns
  1909 | D:3      | Killed Grinder
  1909 | D:3      | Reached skill level 4 in Fighting
  1909 | D:3      | Reached skill level 1 in Dodging
  1909 | D:3      | Reached XP level 4. HP: 14/37 MP: 4/4
  1909 | D:3      | Gained mutation: You are partially covered in icy blue scales (AC +1). [demonic ancestry]
  1909 | D:3      | Reached XP level 5. HP: 15/42 MP: 5/5
  2145 | D:4      | Noticed Trivium's ghost (amateur DsFi)
  2338 | D:4      | Noticed Edmund
  2350 | D:4      | Killed Edmund
  2350 | D:4      | Reached XP level 6. HP: 36/48 MP: 6/6
  2413 | D:4      | Found a sparkling altar of Nemelex Xobeh.
  2457 | D:4      | Killed from afar by an orc priest

Vault maps used:
D:1:      dpeg_arrival_tiny_k
D:2:      xom_butterflies
D:3:      grunt_gozag_statues, uniq_grinder
D:4:      kennysheep_little_box, first_bread, st_stairs_5,
          nemelex_lonely_heart_becter, uniq_edmund

Action                   |  1- 3 |  4- 6 || total
-------------------------+-------+-------++-------
Melee: War axe           |   121 |    69 ||   190
Evoke: Wand              |       |     3 ||     3
  Use: Scroll            |     3 |       ||     3
       Potion            |     2 |       ||     2
  Eat: Chunk             |     3 |     2 ||     5
